 Dungeon Crawl Stone Soup version 0.25-a0-1113-g0499d652a8 (webtiles) character file.

Game seed: 6293989012164681659, levelgen mode: deterministic

217 vurker the Chopper (level 5, 0/47 HPs)
             Began as a Minotaur Fighter on May 16, 2020.
             Slain by Sigmund
             ... wielding a +1 scythe of flaming
              (7 damage)
             ... on level 2 of the Dungeon.
             The game lasted 00:03:19 (2074 turns).

vurker the Chopper (Minotaur Fighter)               Turns: 2074, Time: 00:03:20

Health: 0/47       AC: 10    Str: 22    XL:     5   Next: 62%
Magic:  4/4        EV:  6    Int:  5    God:
Gold:   69         SH:  9    Dex:  9    Spells: 4/4 levels left

rFire    . . .     SeeInvis .   a - +0 war axe
rCold    . . .     Gourm    .   c - +0 kite shield
rNeg     . . .     Faith    .   l - +0 chain mail
rPois    .         Spirit   .   (helmet restricted)
rElec    .         Reflect  .   (no cloak)
rCorr    .         Harm     .   k - +0 pair of gloves
MR       .....                  (no boots)
Stlth    ..........             (no amulet)
HPRegen  0.15/turn              (no ring)
MPRegen  0.09/turn              (no ring)

@: mighty, berserk cooldown, slowed, very slow
A: retaliatory headbutt, horns 2
a: no special abilities


You were on level 2 of the Dungeon.
You were not hungry.

You visited 1 branch of the dungeon, and saw 2 of its levels.

You collected 69 gold pieces.

Inventory:

Hand Weapons
 a - a +0 war axe (weapon)
Armour
 c - a +0 kite shield (worn)
 k - a +0 pair of gloves (worn)
   (You found it on level 2 of the Dungeon)
 l - a +0 chain mail (worn)
   (You found it on level 2 of the Dungeon)
Scrolls
 h - 2 scrolls of remove curse {unknown}
 i - 3 scrolls of blinking {unknown}
 j - a scroll of enchant weapon {unknown}
 n - a scroll of identify {unknown}
Potions
 f - a potion of lignification {unknown}
 m - a potion of ambrosia {unknown}
Comestibles
 e - 6 rations
 g - 2 chunks of flesh


   Skills:
 + Level 4.5 Fighting
 * Level 4.6 Axes
 + Level 4.5 Armour
 + Level 2.1 Dodging
 + Level 4.5 Shields


You had 4 spell levels left.
You didn't know any spells.
Your spell library was empty.

Dungeon Overview and Level Annotations

Branches:
Dungeon (2/15)

Altars:

Annotations:
D:2 Sigmund


Innate Abilities, Weirdness & Mutations

You reflexively headbutt those who attack you in melee.
You have a pair of horns on your head.


Message History

Your shield and chain mail prevent you from hitting Sigmund.
Your headbutt misses Sigmund. You hit Sigmund.
Sigmund hits you but does no damage.
You closely miss Sigmund. Your headbutt misses Sigmund.
Sigmund casts a spell at you.
You are confused.
Sigmund hits you but does no damage.
It was a potion of berserk rage.
A red film seems to cover your vision as you go berserk!
You feel yourself moving faster!
You feel mighty!
Unknown command.
You bump into the rock wall.
You feel a strong urge to attack something.
Sigmund is suddenly surrounded by pale blue light.
Sigmund barely misses you.
You feel your anger nearly subside.
Sigmund hits you with a +1 scythe of flaming!
Sigmund burns you.
You bump into the rock wall.
You are no longer berserk.
You are exhausted.
You feel yourself slow down.
You closely miss Sigmund. Your headbutt misses Sigmund.
Sigmund gestures wildly while chanting.
Sigmund flickers and vanishes!
Deactivating autopickup; reactivate with Ctrl-A.
Something hits you! Something burns you.
* * * LOW HITPOINT WARNING * * *
You feel very mighty all of a sudden.
You feel less confused.
You hear some strange, mumbled words.
A puff of flame appears from out of thin air!
The puff of flame hits you.
* * * LOW HITPOINT WARNING * * *
You miss something. You headbutt something!
Something hits you but does no damage.
You miss something.
You hear some strange, mumbled words.
A puff of flame appears from out of thin air!
The puff of flame hits you!
* * * LOW HITPOINT WARNING * * *
Something hits you.
* * * LOW HITPOINT WARNING * * *
Something burns you.
* * * LOW HITPOINT WARNING * * *
You aren't carrying any items that you can evoke.
Unknown command.
You closely miss something. Something hits you!
You die...

#.# ######### #.# ######
#####....÷..# #.# .. ..# .#
#.....#####.# #.# .# #.# ###.#
#.##....# #.####.## .#
#.###...####.......# #.#...... .#
#.#...........#....# #.#...### .#
#.#.#.#.....{.#.#### #.#...#
.###.#.#...###..@#.######.#...#
>)(.......................#...#
.###.#÷#.[.....#.#......#.#...##
.+............................>#
.#####.#................#..###.##
.# ###.#####..........####.###..#
.# #.............##..............
.###.#..............#.#####.###..
...#.#..#####.##.#..#.# #..##..


There were no monsters in sight!

Vanquished Creatures
  An ogre (D:2)
  7 adders (D:2)
  A gnoll (D:1)
  An ooze (D:2)
  2 worms (D:2)
  4 dart slugs
  A leopard gecko (D:1)
  3 giant cockroaches
  4 goblins (D:1)
  8 hobgoblins
  4 kobolds (D:2)
  4 bats
  A frilled lizard (D:2)
  2 rats
43 creatures vanquished.

Notes
Turn   | Place    | Note
-------+----------+-------------------------------------------
     0 | D:1      | vurker the Minotaur Fighter began the quest for the Orb.
     0 | D:1      | Reached XP level 1. HP: 19/19 MP: 0/0
   177 | D:1      | Reached XP level 2. HP: 19/27 MP: 1/1
   506 | D:1      | Reached XP level 3. HP: 33/33 MP: 2/2
   596 | D:1      | Reached skill level 1 in Dodging
  1057 | D:2      | Noticed an ogre
  1067 | D:2      | Killed an ogre
  1067 | D:2      | Reached XP level 4. HP: 26/41 MP: 3/3
  1067 | D:2      | Reached XP level 5. HP: 30/47 MP: 4/4
  1518 | D:2      | Noticed Sigmund
  2074 | D:2      | Slain by Sigmund

Illustrated notes

Levels and vault maps discovered:
D:1:      minmay_arrival_shattered_statue, layout_basic
D:2:      layout_basic, minmay_tromino_v7, uniq_sigmund

Skill      XL: |  1  2  3  4  5 |
---------------+----------------+-----
Axes           | 3 4 |  4.6
Fighting       | 4 |  4.5
Dodging        | 1 2 |  2.1
Armour         | 4 |  4.5
Shields        | 4 |  4.5

Action                   |  1- 3 |  4- 6 || total
-------------------------+-------+-------++-------
Melee: War axe           |    82 |    66 ||   148
       Headbutt          |    10 |    16 ||    26
       Unarmed           |       |     7 ||     7
  Use: Potion            |       |     2 ||     2
  Eat: Chunk             |     1 |     3 ||     4
Armor: Scale mail        |    44 |       ||    44
       Chain mail        |     1 |    34 ||    35
Dodge: Dodged            |    22 |    14 ||    36
Block: Kite shield       |    50 |    33 ||    83

Table legend:
 A = Non-vault XP
 B = Vault XP
 C = Vault XP percentage of total XP
 D = Non-vault monster count
 E = Vault monster count
 F = Vault count percentage of total count
                 A         B        C        D         E       F
            +---------+---------+-------+---------+---------+-------
      Total |     291 |      20 |   6.4 |      39 |       4 |   9.3
            +---------+---------+-------+---------+---------+-------
        D:1 |      49 |       0 |   0.0 |      17 |       0 |   0.0
        D:2 |     242 |      20 |   7.6 |      22 |       4 |  15.4
            +---------+---------+-------+---------+---------+-------
